SAA
IRVING BLUE SOX @ LANCASTER FARMERS
08/15/2023
 
TOP OF THE 1ST
Irving Blue Sox batting - Pitching for Lancaster Farmers : RHP Roberto Cantú
Pitching: RHP Roberto Cantú
Batting: RHB Jarred Morgan 0-0: Ball
1-0: Ball
2-0: Ball
3-0: Base on Balls
Batting: SHB Ricardo Franco 0-0: Ball
1-0: Called Strike
1-1: Called Strike
1-2: Foul Ball, location: 2F
1-2: Ball
2-2: Fly out, F7 (Flyball, 7M)
Batting: LHB Esteban Casillas 0-0: Called Strike
0-1: Foul Ball, location: 2F
0-2: Ball
1-2: Strikes out swinging
Batting: RHB Arturo Mateo 0-0: Ball
Jarred Morgan is caught stealing 2nd base
Top of the 1st over - 0 run(s), 0 hit(s), 0 error(s), 0 left on base; Irving 0 - Lancaster 0
BOTTOM OF THE 1ST
Lancaster Farmers batting - Pitching for Irving Blue Sox : LHP Carlos Hernández
Pitching: LHP Carlos Hernández
Batting: RHB Barkley B. Cooltimes 0-0: Foul Ball, location: 2F
0-1: Fly out, F3 (Popup, 3F)
Batting: RHB Domenic Gallard 0-0: Called Strike
0-1: Ground out 5-3 (Groundball, 56)
Batting: RHB Fred Meyer 0-0: Foul Ball, location: 2F
0-1: Ball
1-1: Ball
2-1: Ball
3-1: Called Strike
3-2: Foul Ball, location: 2F
3-2: Ground out 6-3 (Groundball, 6MS)
Bottom of the 1st over - 0 run(s), 0 hit(s), 0 error(s), 0 left on base; Irving 0 - Lancaster 0
TOP OF THE 2ND
Irving Blue Sox batting - Pitching for Lancaster Farmers : RHP Roberto Cantú
Batting: RHB Arturo Mateo 0-0: Ball
1-0: Foul Ball, location: 2F
1-1: Foul Ball, location: 2F
1-2: Ball
2-2: Ball
3-2: Foul Ball, location: 2F
3-2: Fly out, F5 (Line Drive, 56)
Batting: RHB Carlos Maldonado 0-0: Called Strike
0-1: SOLO HOME RUN (Flyball, 78XD), Distance : 432 ft
Batting: RHB Alfredo Chávez 0-0: SINGLE (Groundball, 56D)
Batting: RHB Rafael Delgado 0-0: Called Strike
0-1: Ball
1-1: Foul Ball, location: 2F
1-2: Foul Ball, location: 2F
1-2: Ball
2-2: Ball
3-2: Strikes out swinging
Batting: RHB Gilberto Díaz 0-0: Called Strike
0-1: Swinging Strike
0-2: Foul Ball, location: 2F
0-2: Ball
1-2: Ball
2-2: Foul Ball, location: 2F
2-2: Foul Ball, location: 2F
2-2: Strikes out looking
Top of the 2nd over - 1 run(s), 2 hit(s), 0 error(s), 1 left on base; Irving 1 - Lancaster 0
BOTTOM OF THE 2ND
Lancaster Farmers batting - Pitching for Irving Blue Sox : LHP Carlos Hernández
Batting: LHB Manny Valentín 0-0: Ball
1-0: Called Strike
1-1: Ball
2-1: Ball
3-1: Base on Balls
Batting: RHB Chuck Wolf 0-0: Swinging Strike
0-1: Called Strike
0-2: Ball
1-2: Strikes out swinging
Batting: LHB Rob Wilson 0-0: SINGLE (Groundball, 34S)
Manny Valentín to second
Runner from 2nd tries for 3rd, SAFE, throw made to third
Rob Wilson to second
Batting: RHB Rodrigo Velasco 0-0: Foul Ball, location: 2F
0-1: Called Strike
0-2: Strikes out swinging
Batting: LHB Ramón Gómez 0-0: Ball
1-0: Swinging Strike
1-1: Fly out, F7 (Flyball, 7LMF)
Bottom of the 2nd over - 0 run(s), 1 hit(s), 0 error(s), 2 left on base; Irving 1 - Lancaster 0
TOP OF THE 3RD
Irving Blue Sox batting - Pitching for Lancaster Farmers : RHP Roberto Cantú
Batting: LHB Carlos Garza 0-0: Ball
1-0: Called Strike
1-1: Fly out, F7 (Flyball, 78S)
Batting: RHB Jarred Morgan 0-0: Ball
1-0: Foul Ball, location: 2F
1-1: Ground out 5-3 (Groundball, 5S)
Batting: SHB Ricardo Franco Single, Error in OF, E8, batter to second base
Batting: LHB Esteban Casillas 0-0: Ball
1-0: Ball
2-0: Foul Ball, location: 2F
2-1: Ball
3-1: Called Strike
3-2: 2-RUN HOME RUN (Flyball, 78XD), Distance : 415 ft
Batting: RHB Arturo Mateo 0-0: Ball
1-0: Called Strike
1-1: Ball
2-1: Foul Ball, location: 2F
2-2: Foul Ball, location: 2F
2-2: Fly out, F4 (Popup, 4D)
Top of the 3rd over - 2 run(s), 2 hit(s), 1 error(s), 0 left on base; Irving 3 - Lancaster 0
BOTTOM OF THE 3RD
Lancaster Farmers batting - Pitching for Irving Blue Sox : LHP Carlos Hernández
Batting: LHB Brad Tillman 0-0: Ball
1-0: Ball
2-0: Fly out, F8 (Flyball, 8RM)
Batting: RHB Barkley B. Cooltimes 0-0: Ball
1-0: Ball
2-0: SINGLE (Line Drive, 6D)
Batting: RHB Domenic Gallard 0-0: Fielders Choice at 2nd, 6-4 (Groundball, 56)
Batting: RHB Fred Meyer 0-0: Swinging Strike
0-1: Swinging Strike
0-2: Ball
1-2: Ground out 5-3 (Groundball, 15S)
Bottom of the 3rd over - 0 run(s), 1 hit(s), 0 error(s), 1 left on base; Irving 3 - Lancaster 0
TOP OF THE 4TH
Irving Blue Sox batting - Pitching for Lancaster Farmers : RHP Roberto Cantú
Batting: RHB Carlos Maldonado 0-0: Called Strike
0-1: Foul Ball, location: 2F
0-2: Foul Ball, location: 2F
0-2: Ball
1-2: Ball
2-2: Fly out, F9 (Flyball, 9M)
Batting: RHB Alfredo Chávez 0-0: Ball
1-0: Called Strike
1-1: Ball
2-1: Foul Ball, location: 2F
2-2: Ball
3-2: SINGLE (Groundball, 56D)
Batting: RHB Rafael Delgado 0-0: Called Strike
Throwing error on steal attempt, E2
Alfredo Chávez to third
0-1: Ball
1-1: Ball
2-1: Ball
3-1: Called Strike
3-2: Strikes out looking
Batting: RHB Gilberto Díaz 0-0: Ball
1-0: Ball
2-0: Called Strike
2-1: Swinging Strike
2-2: Strikes out swinging
Top of the 4th over - 0 run(s), 1 hit(s), 1 error(s), 1 left on base; Irving 3 - Lancaster 0
BOTTOM OF THE 4TH
Lancaster Farmers batting - Pitching for Irving Blue Sox : LHP Carlos Hernández
Batting: LHB Manny Valentín 0-0: Foul Ball, location: 2F
0-1: Ground out 4-3 (Groundball, 34)
Batting: RHB Chuck Wolf 0-0: Called Strike
0-1: SINGLE (Line Drive, 89S)
Batting: LHB Rob Wilson 0-0: Ball
1-0: Ball
2-0: Fly out, F7 (Flyball, 7LMF)
Batting: RHB Rodrigo Velasco 0-0: Swinging Strike
0-1: Foul Ball, location: 2F
0-2: SINGLE (Groundball, 6D)
Chuck Wolf to second
Batting: LHB Ramón Gómez 0-0: Ball
Wild Pitch!
Chuck Wolf to third
Rodrigo Velasco to second
1-0: Called Strike
1-1: Ball
2-1: Ball
3-1: Foul Ball, location: 2F
3-2: Ground out 6-3 (Groundball, 6)
Bottom of the 4th over - 0 run(s), 2 hit(s), 0 error(s), 2 left on base; Irving 3 - Lancaster 0
TOP OF THE 5TH
Irving Blue Sox batting - Pitching for Lancaster Farmers : RHP Roberto Cantú
Batting: LHB Carlos Garza 0-0: Ball
1-0: Called Strike
1-1: Fly out, F8 (Line Drive, 8RD)
Batting: RHB Jarred Morgan 0-0: Called Strike
0-1: SOLO HOME RUN (Flyball, 7D), Distance : 397 ft
Batting: SHB Ricardo Franco 0-0: Called Strike
0-1: Fly out, F6 (Popup, 6M)
Batting: LHB Esteban Casillas 0-0: Called Strike
0-1: Foul Ball, location: 2F
0-2: Ball
1-2: Ball
2-2: Strikes out swinging
Top of the 5th over - 1 run(s), 1 hit(s), 0 error(s), 0 left on base; Irving 4 - Lancaster 0
BOTTOM OF THE 5TH
Lancaster Farmers batting - Pitching for Irving Blue Sox : LHP Carlos Hernández
Batting: LHB Brad Tillman 0-0: Swinging Strike
0-1: Ground out 3-1 (Groundball, 34)
Batting: RHB Barkley B. Cooltimes 0-0: Ball
1-0: Ball
2-0: Ball
3-0: Called Strike
3-1: Base on Balls
Batting: RHB Domenic Gallard 0-0: Called Strike
0-1: Ball
1-1: Called Strike
1-2: Strikes out swinging
Batting: RHB Fred Meyer 0-0: Called Strike
0-1: Called Strike
0-2: Ball
1-2: Ball
2-2: Foul Ball, location: 2F
2-2: Foul Ball, location: 2F
2-2: Strikes out swinging
Bottom of the 5th over - 0 run(s), 0 hit(s), 0 error(s), 1 left on base; Irving 4 - Lancaster 0
TOP OF THE 6TH
Irving Blue Sox batting - Pitching for Lancaster Farmers : RHP Roberto Cantú
Batting: RHB Arturo Mateo 0-0: Foul Ball, location: 2F
0-1: Ball
1-1: Ball
2-1: Swinging Strike
2-2: Strikes out swinging
Batting: RHB Carlos Maldonado 0-0: Called Strike
0-1: Foul Ball, location: 2F
0-2: Ball
1-2: Ball
2-2: Ball
3-2: Strikes out swinging
Batting: RHB Alfredo Chávez 0-0: Ball
1-0: Ground out 6-3 (Groundball, 6)
Top of the 6th over - 0 run(s), 0 hit(s), 0 error(s), 0 left on base; Irving 4 - Lancaster 0
BOTTOM OF THE 6TH
Lancaster Farmers batting - Pitching for Irving Blue Sox : LHP Carlos Hernández
Batting: LHB Manny Valentín 0-0: Called Strike
0-1: Foul Ball, location: 2F
0-2: Ball
1-2: Ground out 1-3 (Groundball, 13)
Batting: RHB Chuck Wolf 0-0: Foul Ball, location: 2F
0-1: SINGLE (Line Drive, 6MD)
Batting: LHB Rob Wilson 0-0: Ball
1-0: Ball
2-0: Ball
3-0: Called Strike
3-1: Called Strike
3-2: SINGLE (Groundball, 34)
Chuck Wolf to second
Chuck Wolf to third
Batting: RHB Rodrigo Velasco 0-0: 3-RUN HOME RUN (Line Drive, 7LD), Distance : 356 ft
Batting: LHB Ramón Gómez 0-0: Foul Ball, location: 2F
0-1: Foul Ball, location: 2F
0-2: Ball
1-2: Ball
2-2: Strikes out swinging
Batting: LHB Brad Tillman 0-0: Ball
1-0: Foul Ball, location: 2F
1-1: Ball
2-1: Ground out 4-3 (Groundball, 4)
Bottom of the 6th over - 3 run(s), 3 hit(s), 0 error(s), 0 left on base; Irving 4 - Lancaster 3
TOP OF THE 7TH
Irving Blue Sox batting - Pitching for Lancaster Farmers : RHP Roberto Cantú
Batting: RHB Rafael Delgado 0-0: Ball
1-0: Ball
2-0: Ball
3-0: Base on Balls
Pitching: LHP Sergio Cruz
Pinch Hitting: SHB Mauro Martínez 0-0: Ball
1-0: Ball
2-0: Sac Bunt - play at first, batter OUT! 1-4
Rafael Delgado to second
Batting: LHB Carlos Garza 0-0: Ground out 6-3 (Groundball, 6)
Rafael Delgado to third
Batting: RHB Jarred Morgan 0-0: Ball
1-0: Ball
2-0: Ball
3-0: Base on Balls
Pinch Hitting: RHB Robert Jackson 0-0: Ball
1-0: Ball
Wild Pitch!
Rafael Delgado scores
Jarred Morgan to second
2-0: Ball
3-0: Base on Balls
Batting: LHB Esteban Casillas 0-0: Called Strike
0-1: Ball
1-1: Foul Ball, location: 2F
1-2: Foul Ball, location: 2F
1-2: Foul Ball, location: 2F
1-2: Foul Ball, location: 2F
1-2: Ball
2-2: Foul Ball, location: 2F
2-2: Strikes out looking
Top of the 7th over - 1 run(s), 0 hit(s), 0 error(s), 2 left on base; Irving 5 - Lancaster 3
BOTTOM OF THE 7TH
Lancaster Farmers batting - Pitching for Irving Blue Sox : LHP Carlos Hernández
Now at 3B: Mauro Martínez
Now in LF: Robert Jackson
Batting: RHB Barkley B. Cooltimes 0-0: Ball
1-0: DOUBLE (Line Drive, 78M)
Batting: RHB Domenic Gallard 0-0: Called Strike
0-1: Called Strike
0-2: Ball
1-2: Foul Ball, location: 2F
1-2: Ball
2-2: Ball
3-2: Base on Balls
Batting: RHB Fred Meyer 0-0: Ball
1-0: Called Strike
1-1: Swinging Strike
1-2: Strikes out swinging
Batting: LHB Manny Valentín 0-0: Called Strike
Barkley B. Cooltimes steals 3rd base
Domenic Gallard to second
0-1: Ball
1-1: Called Strike
1-2: Ball
2-2: Ground out 3-1 (Groundball, 34)
Barkley B. Cooltimes scores
Domenic Gallard to third
Pitching: LHP Gilberto Ramírez
Batting: RHB Chuck Wolf 0-0: Called Strike
0-1: Ball
1-1: Ball
2-1: Fly out, F9 (Flyball, 9M)
Bottom of the 7th over - 1 run(s), 1 hit(s), 0 error(s), 1 left on base; Irving 5 - Lancaster 4
TOP OF THE 8TH
Irving Blue Sox batting - Pitching for Lancaster Farmers : LHP Sergio Cruz
Batting: RHB Arturo Mateo 0-0: Called Strike
0-1: Fly out, F8 (Flyball, 8RM)
Batting: RHB Carlos Maldonado 0-0: Swinging Strike
0-1: Fly out, F6 (Line Drive, 6)
Batting: RHB Alfredo Chávez 0-0: SINGLE (Line Drive, 7LS)
Pinch Hitting: RHB Robbie Young 0-0: Ball
1-0: Ball
2-0: Foul Ball, location: 2F
2-1: Swinging Strike
2-2: Ball
3-2: Foul Ball, location: 2F
3-2: Foul Ball, location: 2F
3-2: Base on Balls
Alfredo Chávez to second
Batting: SHB Mauro Martínez 0-0: Ball
1-0: TRIPLE (Flyball, 89XD)
Alfredo Chávez scores
Robbie Young scores
Batting: LHB Carlos Garza 0-0: Ball
1-0: Ground out 4-3 (Groundball, 4)
Top of the 8th over - 2 run(s), 2 hit(s), 0 error(s), 1 left on base; Irving 7 - Lancaster 4
BOTTOM OF THE 8TH
Lancaster Farmers batting - Pitching for Irving Blue Sox : LHP Gilberto Ramírez
Now in CF: Kyle James
Batting: LHB Rob Wilson 0-0: Ball
1-0: Bunted foul
1-1: Foul Ball, location: 2F
1-2: Foul Ball, location: 2F
1-2: Ball
2-2: Ball
3-2: Foul Ball, location: 2F
3-2: Strikes out swinging
Batting: RHB Rodrigo Velasco 0-0: Called Strike
0-1: Foul Ball, location: 2F
0-2: Ball
1-2: Ball
2-2: Ball
3-2: Strikes out swinging
Batting: LHB Ramón Gómez 0-0: Called Strike
0-1: Called Strike
0-2: Ball
1-2: Ball
2-2: Ground out U3 (Groundball, 3)
Bottom of the 8th over - 0 run(s), 0 hit(s), 0 error(s), 0 left on base; Irving 7 - Lancaster 4
TOP OF THE 9TH
Irving Blue Sox batting - Pitching for Lancaster Farmers : LHP Sergio Cruz
Pitching: RHP Jim Unknown
Batting: RHB Jarred Morgan 0-0: Ball
1-0: Foul Ball, location: 2F
1-1: Foul Ball, location: 2F
1-2: Ball
2-2: Foul Ball, location: 2F
2-2: Foul Ball, location: 2F
2-2: Foul Ball, location: 2F
2-2: Strikes out swinging
Pitching: LHP Norberto Quintana
Batting: RHB Robert Jackson 0-0: Ball
1-0: Ball
2-0: SINGLE (Flyball, 7S)
Batting: LHB Esteban Casillas 0-0: Called Strike
0-1: Fly out, F9 (Flyball, 89D)
Batting: RHB Arturo Mateo 0-0: Ball
1-0: Ball
2-0: Ball
3-0: Called Strike
3-1: Base on Balls
Robert Jackson to second
Batting: RHB Carlos Maldonado 0-0: Ball
1-0: Called Strike
1-1: SINGLE (Line Drive, 4M)
Robert Jackson to third
Arturo Mateo to second
Runner from 3rd tries for Home, SAFE, no throw or cutoff
Batting: RHB Alfredo Chávez 0-0: Hit by Pitch
Arturo Mateo to third
Carlos Maldonado to second
Batting: LHB Kyle James 0-0: Fly out, F8 (Popup, 8LS)
Top of the 9th over - 1 run(s), 2 hit(s), 0 error(s), 3 left on base; Irving 8 - Lancaster 4
BOTTOM OF THE 9TH
Lancaster Farmers batting - Pitching for Irving Blue Sox : LHP Gilberto Ramírez
Pitching: RHP Andy Perry
Batting: LHB Brad Tillman 0-0: Bunted foul
0-1: Foul Ball, location: 2F
0-2: Foul Ball, location: 2F
0-2: Strikes out swinging
Batting: RHB Barkley B. Cooltimes 0-0: Swinging Strike
0-1: Ball
1-1: Ball
2-1: Foul Ball, location: 2F
2-2: Foul Ball, location: 2F
2-2: Ball
3-2: Foul Ball, location: 2F
3-2: Foul Ball, location: 2F
3-2: Strikes out swinging
Batting: RHB Domenic Gallard 0-0: Fly out, F3 (Popup, 34S)
Bottom of the 9th over - 0 run(s), 0 hit(s), 0 error(s), 0 left on base; Irving 8 - Lancaster 4
This league is powered by Out of the Park Baseball, the baseball management simulation game for PC, Mac and Linux
Friday, July 8th, 2016 - OOTP Baseball 16.9 Build 39